 Dungeon Crawl Stone Soup version 0.22-a0-750-ga7dcef7 (webtiles) character file.

3194 EnegeticOcto the Cleaver (level 9, -3/82 HPs)
             Began as a Deep Dwarf Fighter on July 15, 2018.
             Was an Initiate of Makhleb.
             Slain by a two-headed ogre
             ... wielding a +0 giant spiked club
              (21 damage)
             ... on level 9 of the Dungeon.
             The game lasted 00:05:55 (3863 turns).

EnegeticOcto the Cleaver (Deep Dwarf Fighter)       Turns: 3863, Time: 00:05:56

Health: -3/82      AC: 13    Str: 24    XL:     9   Next: 64%
Magic:  5/5        EV:  7    Int:  8    God:    Makhleb [......]
Gold:   187        SH:  7    Dex: 12    Spells: 8/8 levels left

rFire    + . .     SeeInvis .   a - +0 war axe
rCold    . . .     Gourm    .   e - +2 buckler
rNeg     . . .     Faith    .   q - +0 plate armour
rPois    .         Spirit   .   (no helmet)
rElec    .         Reflect  .   (no cloak)
rCorr    .         Harm     .   (no gloves)
MR       +....                  (no boots)
Stlth    ..........             (no amulet)
HPRegen  0.00/turn              C - ring of protection from fire
MPRegen  0.09/turn              (no ring)

@: non-regenerating
A: damage resistance, heal wounds, sense surroundings 2, no regeneration
a: Heal Wounds, Renounce Religion


You were on level 9 of the Dungeon.
You worshipped Makhleb.
Makhleb was noncommittal.
You were near starving.

You visited 2 branches of the dungeon, and saw 10 of its levels.

You collected 187 gold pieces.

Inventory:

Hand Weapons
 a - a +0 war axe (weapon)
Armour
 c - a +0 shield
 e - a +2 buckler (worn)
 q - a +0 plate armour (worn)
Jewellery
 m - an uncursed ring of protection from magic {unknown}
 C - a ring of protection from fire (left hand)
Wands
 w - a wand of iceblast (9)
Scrolls
 b - a scroll of silence {unknown}
 h - 3 scrolls of remove curse
 j - 3 scrolls of random uselessness {unknown}
 p - 2 scrolls of magic mapping
 r - a scroll of blinking
Potions
 d - a potion of lignification
 g - a potion of mutation
 i - a potion of heal wounds
 k - a potion of cancellation {unknown}
 l - 2 potions of might
 n - a potion of brilliance {unknown}
 o - 2 potions of curing {unknown}
 s - 2 potions of ambrosia
 A - a potion of agility {unknown}
 B - a potion of invisibility {unknown}
Comestibles
 f - 11 rations


   Skills:
 + Level 6.0 Fighting
 * Level 9.3 Axes
 + Level 7.2 Armour
 + Level 7.1 Shields
 * Level 4.8 Invocations


You had 8 spell levels left.
You didn't know any spells.
Your spell library was empty.

Dungeon Overview and Level Annotations

Branches:
Dungeon (9/15)             Temple (1/1) D:7
   Lair: D:8-11         Orc: D:9-12

Altars:
Ashenzari
Cheibriados
Dithmenos
Elyvilon
Fedhas
Gozag
Hepliaklqana
Kikubaaqudgha
Makhleb
Nemelex Xobeh
Okawaru
Qazlal
Ru
Sif Muna
Trog
Uskayaw
Vehumet
Wu Jian
Xom
Yredelemnul
Zin
The Shining One


Innate Abilities, Weirdness & Mutations

You are resistant to damage.
You can heal yourself by infusing magical energy.
You passively map the area around you.
You do not regenerate.


Message History

The two-headed ogre hits you with a giant spiked club!!
* * * LOW HITPOINT WARNING * * *
You block the two-headed ogre's attack.
You are too injured to fight recklessly!
You are too injured to fight recklessly!
You feel much better.
The two-headed ogre hits you with a giant spiked club.
You block the two-headed ogre's attack.
You slash the two-headed ogre!
The two-headed ogre is moderately wounded.
You barely miss the two-headed ogre.
The two-headed ogre is moderately wounded.
The two-headed ogre barely misses you.
The two-headed ogre hits you with a giant club!
You slice the two-headed ogre!!
The two-headed ogre is severely wounded.
The two-headed ogre hits you with a giant spiked club!!
* * * LOW HITPOINT WARNING * * *
The two-headed ogre hits you with a giant club!!
You die...

...#*
**#######.##
.....
,,.........#
....#
*#######..#
....# #..#
...## #..#
#.# #####..#
.# #......#
* #.####.# *
* * , #@# *
,* #O# * , ,


oo# *, ,.... * ,, ...#. .... .# , ..... .# ...... ## , , , You could see a
two-headed ogre and 2 orcs.

Vanquished Creatures
  A two-headed ogre (D:8)
  A hippogriff (D:8)
  A hungry ghost (D:7)
  Menkaure (D:7)
  3 orc warriors
  A water moccasin (D:5)
  2 sky beasts (D:5)
  A necrophage (D:8)
  6 ogres
  2 centaurs
  2 scorpions
  A howler monkey (D:6)
  2 crimson imps
  A bullfrog zombie (D:7)
  3 orc priests
  A centaur zombie (D:8)
  2 hounds
  A jelly (D:5)
  3 bullfrog skeletons
  2 iguanas (D:7)
  3 orc wizards
  A worker ant (D:9)
  A hound skeleton (D:8)
  A howler monkey skeleton (D:6)
  3 gnolls (D:4)
  7 adders
  A shadow imp (D:5)
  An adder skeleton (D:7)
  A worm (D:2)
  3 leopard geckos
  18 orcs
  A ball python (D:2)
  2 giant cockroaches
  4 hobgoblins
  13 jackals
  A quokka (D:6)
  2 bats (D:2)
  5 frilled lizards
  A kobold (D:2)
106 creatures vanquished.

Notes
Turn   | Place    | Note
-------+----------+-------------------------------------------
     0 | D:1      | EnegeticOcto the Deep Dwarf Fighter began the quest for the Orb.
     0 | D:1      | Reached XP level 1. HP: 20/20 MP: 1/1
   188 | D:2      | Reached XP level 2. HP: 21/27 MP: 2/2
   342 | D:2      | Found a hazy altar of Hepliaklqana.
   352 | D:2      | Reached skill level 3 in Axes
   413 | D:3      | Reached XP level 3. HP: 22/33 MP: 3/3
   472 | D:4      | Reached XP level 4. HP: 28/42 MP: 4/4
   822 | D:4      | Reached skill level 4 in Axes
   822 | D:4      | Reached XP level 5. HP: 34/49 MP: 5/5
   853 | D:4      | Noticed an ogre
   860 | D:4      | Killed an ogre
   879 | D:4      | Noticed an ogre
   891 | D:4      | Killed an ogre
   891 | D:4      | Reached XP level 6. HP: 34/57 MP: 6/6
  1082 | D:5      | Entered Level 5 of the Dungeon
  1085 | D:5      | Noticed a sky beast
  1099 | D:5      | Killed a sky beast
  1099 | D:5      | Reached skill level 5 in Axes
  1107 | D:5      | Noticed a water moccasin
  1117 | D:5      | Killed a water moccasin
  1117 | D:5      | Reached XP level 7. HP: 47/64 MP: 7/7
  1141 | D:5      | Reached skill level 5 in Armour
  1141 | D:5      | Reached skill level 5 in Shields
  1159 | D:5      | Reached skill level 6 in Axes
  1202 | D:5      | Found a sparkling altar of Nemelex Xobeh.
  1815 | D:6      | Reached XP level 8. HP: 50/73 MP: 7/7
  1989 | D:6      | Reached skill level 7 in Axes
  2193 | D:7      | Reached skill level 5 in Fighting
  2215 | D:7      | Noticed Menkaure
  2232 | D:7      | Killed Menkaure
  2378 | D:7      | Reached skill level 8 in Axes
  2675 | D:7      | Found a staircase to the Ecumenical Temple.
  2694 | Temple   | Entered the Ecumenical Temple
  2795 | Temple   | Became a worshipper of Makhleb the Destroyer
  2984 | D:8      | Noticed a hippogriff
  3004 | D:8      | Killed a hippogriff
  3004 | D:8      | Reached skill level 1 in Invocations
  3004 | D:8      | Gained mutation: You passively map the area around you. [Deep Dwarf growth]
  3004 | D:8      | Reached XP level 9. HP: 42/81 MP: 1/3
  3239 | D:8      | Noticed a two-headed ogre
  3255 | D:8      | Killed a two-headed ogre
  3255 | D:8      | Reached skill level 9 in Axes
  3846 | D:9      | Noticed a two-headed ogre
  3863 | D:9      | Slain by a two-headed ogre

Vault maps used:
D:1:      dpeg_arrival_morbid_curiosity, minmay_pentomino_p4
D:2:      overflow_temple_1_default
D:3:      uniq_grinder
D:4:      first_ration
D:5:      nemelex_spade_bored_becter
D:7:      minmay_temple_entry_overgrown, abandoned_shop, uniq_menkaure
Temple:   kilobyte_greek_temple

Skill      XL: |  1  2  3  4  5  6  7  8  9 |
---------------+----------------------------+-----
Axes           | 3 4 5 6 8 9 |  9.3
Fighting       | 3 4 5 6 |  6.0
Armour         | 4 5 6 7 |  7.2
Shields        | 4 5 6 7 |  7.1
Invocations    | 1 4 |  4.8

Action                   |  1- 3 |  4- 6 |  7- 9 || total
-------------------------+-------+-------+-------++-------
Melee: War axe           |    79 |    76 |   309 ||   464
 Abil: Heal Wounds       |     1 |     4 |    25 ||    30
  Use: Potion            |     1 |       |       ||     1
       Scroll            |       |       |    13 ||    13
  Eat: Chunk             |       |     1 |    10 ||    11
Armor: Scale mail        |    40 |    20 |    97 ||   157
       Plate armour      |       |       |    10 ||    10
Dodge: Dodged            |    52 |    26 |   116 ||   194
Block: Shield            |    31 |       |       ||    31
       Buckler           |    25 |    26 |   140 ||   191

Table legend:
 A = Spawn XP
 B = Non-spawn XP
 C = Spawn XP percentage of total XP
 D = Spawn monster count
 E = Non-spawn monster count
 F = Spawn count percentage of total count
 G = Total turns spent on level
                    A         B        C        D         E        F      G
               +---------+---------+-------+---------+---------+-------+---------
         Total |       0 |    4563 |   0.0 |       0 |     106 |   0.0 |  3863
               +---------+---------+-------+---------+---------+-------+---------
           D:1 |       0 |       8 |   0.0 |       0 |       4 |   0.0 |   178
           D:2 |       0 |      32 |   0.0 |       0 |      12 |   0.0 |   192
           D:3 |       0 |       6 |   0.0 |       0 |       3 |   0.0 |    86
           D:4 |       0 |     425 |   0.0 |       0 |      23 |   0.0 |   626
           D:5 |       0 |     789 |   0.0 |       0 |      18 |   0.0 |   512
           D:6 |       0 |     459 |   0.0 |       0 |      10 |   0.0 |   638
           D:7 |       0 |     942 |   0.0 |       0 |      19 |   0.0 |   642
           D:8 |       0 |    1678 |   0.0 |       0 |      13 |   0.0 |   712
           D:9 |       0 |     224 |   0.0 |       0 |       4 |   0.0 |   139
               +---------+---------+-------+---------+---------+-------+---------
